 Dungeon Crawl Stone Soup version 0.30-a0-748-ge6a52f7cba (webtiles) character file.

Game seed: 14136480842650358847

11 boo the Trooper (level 2, 24/24 HPs)
             Began as a Demonspawn Monk on Feb 8, 2023.
             Got out of the dungeon alive.
             The game lasted 00:01:14 (441 turns).

boo the Trooper (Demonspawn Monk)                    Turns: 441, Time: 00:01:15

Health: 24/24      AC:  5    Str: 11    XL:     2   Next: 13%
Magic:  2/2        EV: 11    Int: 11    God:
Gold:   9          SH:  0    Dex: 15    Spells: 1/1 levels left

rFire   . . .      SeeInvis .      - Unarmed
rCold   . . .      Faith    .    (no shield)
rNeg    . . .      Spirit   .    c - +0 ring mail
rPois   .          Reflect  .    (no helmet)
rElec   .          Harm     .    (no cloak)
rCorr   .          Rampage  .    (no gloves)
Will    .....                    (no boots)
Stlth   +                        (no amulet)
HPRegen 0.24/turn                (no ring)
MPRegen 0.08/turn                (no ring)

@: no status effects
A: demonic magic 1
a: no special abilities


You escaped.
You visited 1 branch of the dungeon, and saw 1 of its levels.

You collected 9 gold pieces.

Inventory:

Armour
 a - a +0 robe
 c - a +0 ring mail (worn)


   Skills:
 + Level 3.1 Fighting
 + Level 2.8 Dodging
 - Level 1.7 Stealth
 * Level 3.0 Unarmed Combat


You had one spell level left.
You didn't know any spells.
Your spell library was empty.

Dungeon Overview and Level Annotations

Branches:
Dungeon (1/15)

Altars:


Innate Abilities, Weirdness & Mutations

Spells you cast may paralyse adjacent enemies.


Message History

You hit the ball python.
The ball python is severely wounded.
The ball python completely misses you. The ball python constricts you.
You hit the ball python.
You kill the ball python!
You hit the frilled lizard.
You kill the frilled lizard!
Things that are here:
a frilled lizard corpse; a quokka corpse; a bat corpse You start resting.
HP restored.
You start waiting.
Done waiting.
Things that are here:
a frilled lizard corpse; a quokka corpse; a bat corpse A frilled lizard comes into view.
The frilled lizard hisses angrily.
The frilled lizard hisses.
The frilled lizard bites you but does no damage.
You miss the frilled lizard.
The frilled lizard bites you but does no damage.
You closely miss the frilled lizard. Your punch misses the frilled lizard.
The frilled lizard closely misses you.
You hit the frilled lizard but do no damage.
The frilled lizard barely misses you.
You hit the frilled lizard.
You kill the frilled lizard!
You see here a frilled lizard corpse.
You see here a frilled lizard corpse.
Things that are here:
a frilled lizard corpse; a quokka corpse; a bat corpse You see here a bat skeleton.
Things that are here:
a +0 club; 4 stones
Things that are here:
a +0 club; 4 stones
There is a staircase leading out of the dungeon here.
You can't go down here!
Are you sure you want to leave the Dungeon?
This will make you lose the game!
You have escaped!

### #@##
#..##
##...#
#....##
##.....#
#......#
#......##
##.......#
#........##
###


There were no monsters in sight!

Vanquished Creatures
  A ball python (D:1)
  A hobgoblin (D:1)
  A quokka (D:1)
  3 bats (D:1)
  2 frilled lizards (D:1)
  2 kobolds (D:1)
10 creatures vanquished.

Notes
Turn   | Place    | Note
-------+----------+-------------------------------------------
     0 | D:1      | boo the Demonspawn Monk began the quest for the Orb.
     0 | D:1      | Reached XP level 1. HP: 18/18 MP: 1/1
   232 | D:1      | Gained mutation: Spells you cast may paralyse adjacent
                  | enemies. [demonic ancestry]
   232 | D:1      | Reached XP level 2. HP: 20/24 MP: 2/2
   441 | D:$      | Got out of the dungeon alive.

Illustrated notes

Levels and vault maps discovered:
D:1:      eino_arrival_cavern_a, layout_basic

Skill      XL: |  1 |
---------------+----+-----
Unarmed Combat | 3 |  3.0
Fighting       | |  3.1
Dodging        | |  2.8
Stealth        | |  1.7

Action                     || total
---------------------------++-------
  Melee: Unarmed           ||    56
         Punch             ||     2
    Use: Potion            ||     1
 Armour: Ring mail         ||    30
         Robe              ||     6
  Dodge: Dodged            ||    48

Table legend: (Time is in decaauts)
 A = Elapsed time spent in this place.
 B = Non-inter-level travel time spent in this place.
 C = Inter-level travel time spent in this place.
 D = Time resting spent in this place.
 E = Time spent auto-exploring this place.
 F = Levels seen in this place.
 G = Mean time per level.
                   A        B        C        D        E       F      G
               +--------+--------+--------+--------+--------+-----+--------+
         Total |    438 |    438 |      0 |    143 |    112 |   1 |  438.0 |
       Dungeon |    438 |    438 |      0 |    143 |    112 |   1 |  438.0 |
               +--------+--------+--------+--------+--------+-----+--------+

Top non-repeatable levels by time:
     D:1: 438 daAuts
